[Event "Titled Tuesday Blitz June 6 Late 2023"]
[White "Martinez Reyes, Pedro Ramon"]
[Black "Nihal Sarin"]
[WhiteFideId "3901807"]
[BlackFideId "25092340"]
[WhiteElo "2340"]
[BlackElo "2689"]
[Result "0-1"]
[Round "1"]
[TimeControl "180+2"]
[Date "2023.06.07"]
[WhiteClock "0:00:02"]
[BlackClock "0:00:41"]
[Board "1"]

1. e4 e5 2. Nf3 Nc6 3. Bb5 Nf6 4. O-O Nxe4 5. Qe2 Nd6 6. Bxc6 dxc6 7. Qxe5+ Qe7 8. Qa5 Qd8 9. Qe5+ Qe7 10. Qa5 Be6 11. Re1 a6 12. b3 O-O-O 13. Bb2 Qd7 14. Ne5 Qe8 15. d3 f6 16. Nf3 Qd7 17. Nbd2 Bf7 18. Re2 Be7 19. Rae1 Rhe8 20. h3 Bf8 21. Ne4 Nxe4 22. Rxe4 Bd5 23. Rxe8 Rxe8 24. Rxe8+ Qxe8 25. Qe1 Qg6 26. Nh4 Qh5 27. g4 Qf7 28. Qe3 b6 29. Nf5 g6 30. Ng3 Kb7 31. Qf4 Bd6 32. Qxf6 Qe8 33. Bc3 h5 34. Qh8 Qd7 35. Qg7 Qe8 36. Qh8 Qe6 37. Qf6 hxg4 38. Qxe6 Bxe6 39. hxg4 Bxg4 40. Nf1 c5 41. Ne3 Bf3 42. Bd2 b5 43. c3 Be2 44. d4 cxd4 45. cxd4 Kc6 46. Kg2 b4 47. f3 Bd3 48. Kf2 Bb1 49. Nd1 Bxa2 50. Nb2 Bxb3 51. Ke3 Kb5 52. d5 a5 53. Nd3 a4 54. Nc1 Bxd5 55. Kd4 Bxf3 56. Nd3 c5+ 57. Ke3 Bd5 58. Ne1 a3 59. Nc2 a2 60. Na1 Be5 0-1


[Site "https://www.chess.com"]

[Event "Titled Tuesday Blitz June 6 Late 2023"]
[White "Nakamura, Hikaru"]
[Black "Hajiyev, Kanan"]
[WhiteFideId "2016192"]
[BlackFideId "13404148"]
[WhiteElo "2874"]
[BlackElo "2115"]
[Result "0-1"]
[Round "1"]
[TimeControl "180+2"]
[Date "2023.06.07"]
[WhiteClock "0:02:04"]
[BlackClock "0:00:23"]
[Board "2"]

1. Nf3 d5 2. g3 Nf6 3. Bg2 g6 4. b3 Bg7 5. Bb2 O-O 6. c4 c6 7. O-O Bg4 8. d3 Nbd7 9. Nbd2 Re8 10. d4 Bxf3 11. Nxf3 e6 12. e3 Ne4 13. Qe2 Qe7 14. Rfc1 a5 15. a3 h5 16. Ne1 Kh7 17. Nd3 f5 18. f3 Nd6 19. e4 fxe4 20. fxe4 Nxe4 21. Bxe4 dxe4 22. Qxe4 Nf6 23. Qe2 Ng4 24. Nf4 e5 25. dxe5 Bxe5 26. Qc2 Bxf4 27. gxf4 Qe3+ 28. Kh1 Qf3+ 29. Qg2 Qxg2+ 30. Kxg2 Re2+ 31. Kf3 Rxb2 32. Rc3 Rxh2 33. Ke4 Rd2 34. f5 Re8+ 35. Kf4 Rd4+ 36. Kg5 Re5 37. Rf3 Nh6 38. Raf1 Rxf5+ 39. Rxf5 Nxf5 40. Kf6 Rd6+ 41. Kg5 Rd3 42. b4 Rxa3 43. b5 cxb5 44. cxb5 Rg3+ 45. Kf6 Rb3 46. Rg1 Rxb5 47. Rd1 Rb6+ 48. Kg5 a4 49. Rd7+ Kg8 50. Rc7 a3 51. Rc2 Ra6 52. Ra2 b5 53. Ra1 b4 54. Rc1 a2 0-1


[Site "https://www.chess.com"]

[Event "Titled Tuesday Blitz June 6 Late 2023"]
[White "Krsnik Cohar, Ivan Vihor"]
[Black "Caruana, Fabiano"]
[WhiteFideId "14520044"]
[BlackFideId "2020009"]
[WhiteElo "2414"]
[BlackElo "2832"]
[Result "1/2-1/2"]
[Round "1"]
[TimeControl "180+2"]
[Date "2023.06.07"]
[WhiteClock "0:00:03"]
[BlackClock "0:00:37"]
[Board "3"]

1. e4 b6 2. Nc3 Bb7 3. d4 e6 4. Bd3 Nf6 5. Nge2 d5 6. exd5 Nxd5 7. O-O Nxc3 8. Nxc3 Bd6 9. Qg4 g6 10. Bg5 Be7 11. Bxe7 Qxe7 12. d5 e5 13. Bb5+ Kf8 14. f4 a6 15. Ba4 b5 16. Bb3 Nd7 17. Rae1 e4 18. f5 Nf6 19. Qh4 Rg8 20. Nxe4 Nxe4 21. Qxe7+ Kxe7 22. Rxe4+ Kf8 23. f6 a5 24. a3 Ra6 25. Re7 Rxf6 26. Rxc7 Rxf1+ 27. Kxf1 Ba8 28. d6 Kg7 29. Rxf7+ Kh6 30. d7 Rd8 31. Re7 Bc6 32. Be6 Kg5 33. Rf7 b4 34. axb4 axb4 35. c3 bxc3 36. bxc3 h5 37. g3 h4 38. gxh4+ Kxh4 39. Kf2 Kg5 40. Kg3 Kh6 41. h4 Ra8 42. Re7 Rf8 43. Re8 Rxe8 44. dxe8=Q Bxe8 45. c4 g5 46. hxg5+ Kxg5 47. c5 Kf6 48. Bg4 Ke5 49. c6 Bxc6 1/2-1/2


[Site "https://www.chess.com"]

[Event "Titled Tuesday Blitz June 6 Late 2023"]
[White "Nepomniachtchi, Ian"]
[Black "Huber, Benedikt"]
[WhiteFideId "4168119"]
[BlackFideId "12923583"]
[WhiteElo "2781"]
[BlackElo "2215"]
[Result "1-0"]
[Round "1"]
[TimeControl "180+2"]
[Date "2023.06.07"]
[WhiteClock "0:01:28"]
[BlackClock "0:00:06"]
[Board "4"]

1. e4 e5 2. f4 exf4 3. Nf3 Nf6 4. e5 Nh5 5. Nc3 d5 6. d4 Nc6 7. Bb5 g5 8. Qe2 Bb4 9. e6 O-O 10. Bxc6 bxc6 11. Ne5 Ng7 12. exf7+ Kh8 13. Bd2 Bf5 14. O-O-O Bd6 15. h4 g4 16. Bxf4 Bxe5 17. Bxe5 Rxf7 18. Rhf1 Qd7 19. Qe3 Bg6 20. Qh6 Kg8 21. Ne2 Raf8 22. Nf4 Qf5 23. Rf2 Ne6 24. h5 1-0


[Site "https://www.chess.com"]

[Event "Titled Tuesday Blitz June 6 Late 2023"]
[White "Kirillov, Dmitry"]
[Black "Kollars, Dmitrij"]
[WhiteFideId "34180572"]
[BlackFideId "12909572"]
[WhiteElo "2161"]
[BlackElo "2584"]
[Result "0-1"]
[Round "1"]
[TimeControl "180+2"]
[Date "2023.06.07"]
[WhiteClock "0:01:15"]
[BlackClock "0:01:18"]
[Board "5"]

1. d4 Nf6 2. c4 e6 3. Nc3 Bb4 4. f3 c5 5. d5 b5 6. e4 d6 7. Ne2 bxc4 8. Nf4 e5 9. Ne2 Ng8 10. Ng3 Ne7 11. Bxc4 O-O 12. O-O f5 13. Bg5 f4 14. Nge2 Nd7 15. a3 Ba5 16. Nb5 Nb6 17. Bd3 c4 18. Bc2 Ba6 19. Nbc3 Qc7 20. Bxe7 Qxe7 21. Rb1 g5 22. Kh1 Kh8 23. Na4 Rg8 24. Nec3 Rab8 25. Nxb6 Bxb6 26. Qe2 Bd4 27. h3 h5 28. Kh2 g4 29. Nd1 Qh4 30. Qe1 g3+ 31. Kh1 Bc8 0-1


[Site "https://www.chess.com"]

[Event "Titled Tuesday Blitz June 6 Late 2023"]
[White "Martinez Alcantara, Jose Eduardo"]
[Black "Graif, William"]
[WhiteFideId "3805662"]
[BlackFideId "2609835"]
[WhiteElo "2711"]
[BlackElo "2201"]
[Result "1-0"]
[Round "1"]
[TimeControl "180+2"]
[Date "2023.06.07"]
[WhiteClock "0:01:21"]
[BlackClock "0:00:11"]
[Board "6"]

1. e4 e5 2. Nf3 Bc5 3. c3 d5 4. d4 exd4 5. exd5 Nf6 6. cxd4 Bb4+ 7. Nc3 O-O 8. Bd3 Re8+ 9. Be3 Nxd5 10. O-O Bg4 11. h3 Bxc3 12. hxg4 Bxb2 13. Rb1 Ba3 14. Bxh7+ Kxh7 15. Qd3+ Kg8 16. Qxa3 Nb6 17. Ne5 N8d7 18. Nf3 Nf6 19. Bg5 Qe7 20. Qxe7 Rxe7 21. Bxf6 gxf6 22. Nh4 Re4 23. Nf5 Kh7 24. f3 Re2 25. Rfc1 c6 26. a4 Ra2 27. Kh2 Rxa4 28. Kg3 Rd8 29. Rh1+ Kg8 30. Rh6 Ra5 31. Rbh1 Rxf5 32. Rh8+ Kg7 33. R1h7+ Kg6 34. gxf5+ Kxf5 35. Rxd8 1-0


[Site "https://www.chess.com"]

[Event "Titled Tuesday Blitz June 6 Late 2023"]
[White "Janaszak, Dawid"]
[Black "Mamedov, Rauf"]
[WhiteFideId "1119206"]
[BlackFideId "13401653"]
[WhiteElo "2220"]
[BlackElo "2635"]
[Result "0-1"]
[Round "1"]
[TimeControl "180+2"]
[Date "2023.06.07"]
[WhiteClock "0:00:05"]
[BlackClock "0:01:20"]
[Board "7"]

1. e4 c5 2. Nc3 d6 3. f4 Nf6 4. Nf3 g6 5. Bc4 Bg7 6. e5 dxe5 7. fxe5 Ng4 8. e6 f5 9. Qe2 Nc6 10. h3 Nf6 11. d3 O-O 12. Bf4 Nh5 13. Bh2 a6 14. a4 Qb6 15. O-O Nb4 16. Kh1 f4 17. Rae1 Qd6 18. Ne4 Qc7 19. c3 Nc6 20. Nxc5 Na5 21. Nd7 Bxd7 22. exd7+ Nxc4 23. Qe6+ Kh8 24. dxc4 Rad8 25. Rd1 Bf6 26. Rfe1 g5 27. Ne5 Kg7 28. Ng4 Rf7 29. Nh6 Kxh6 30. Qxf7 Rxd7 31. Rxd7 Qxd7 32. Qd5 Qxa4 33. c5 Qb5 34. b4 Bxc3 35. Qe6+ Bf6 36. Qe4 a5 37. bxa5 Qxa5 38. Rc1 Qd2 39. Qc2 Qe3 40. c6 bxc6 41. Qxc6 Kg7 42. Rf1 Qe2 43. Qf3 Qxf3 44. Rxf3 e5 45. Rb3 e4 46. Rb7+ Kg6 47. Kg1 h6 48. Kf1 Ng7 49. Ke2 Nf5 50. Bg1 Ng3+ 51. Kd1 e3 52. Rb6 Kf5 53. Rb5+ Ke4 54. Rb4+ Bd4 55. Kc2 Ne2 56. Bh2 h5 57. Rb5 Bf6 58. Rb6 Nd4+ 59. Kd1 Bd8 60. Rb8 e2+ 61. Ke1 Ba5+ 0-1


[Site "https://www.chess.com"]

[Event "Titled Tuesday Blitz June 6 Late 2023"]
[White "Sarana, Alexey"]
[Black "Aydin, Gulenay"]
[WhiteFideId "24133795"]
[BlackFideId "34557431"]
[WhiteElo "2714"]
[BlackElo "2009"]
[Result "1-0"]
[Round "1"]
[TimeControl "180+2"]
[Date "2023.06.07"]
[WhiteClock "0:01:59"]
[BlackClock "0:00:02"]
[Board "8"]

1. d4 Nf6 2. c4 g6 3. Nc3 Bg7 4. g3 O-O 5. Bg2 d6 6. Nf3 Nc6 7. O-O a6 8. b3 e5 9. Bb2 exd4 10. Nxd4 Nxd4 11. Qxd4 Nd7 12. Qd2 Re8 13. e4 Nf6 14. h3 Bd7 15. Rfe1 a5 16. Rad1 Bc6 17. Nd5 Nd7 18. Bxg7 Kxg7 19. Qc3+ Kg8 20. f4 Bxd5 21. cxd5 Qb8 22. Kh2 b5 23. e5 Nc5 24. e6 f5 25. Qf6 Rf8 26. Qg5 Qe8 27. g4 fxg4 28. hxg4 b4 29. f5 a4 30. f6 Qb8 31. e7 Re8 32. Qh6 1-0


[Site "https://www.chess.com"]

[Event "Titled Tuesday Blitz June 6 Late 2023"]
[White "D`Arruda, Ricardo D."]
[Black "Duda, Jan-Krzysztof"]
[WhiteFideId "100692"]
[BlackFideId "1170546"]
[WhiteElo "2510"]
[BlackElo "2783"]
[Result "1/2-1/2"]
[Round "1"]
[TimeControl "180+2"]
[Date "2023.06.07"]
[WhiteClock "0:00:12"]
[BlackClock "0:00:14"]
[Board "9"]

1. d4 Nf6 2. Nf3 c5 3. d5 g6 4. Nc3 Bg7 5. e4 d6 6. Bg5 h6 7. Bh4 g5 8. Bg3 Nh5 9. Be2 Na6 10. O-O Nc7 11. a4 O-O 12. Nd2 Nxg3 13. hxg3 b6 14. f4 a6 15. e5 dxe5 16. fxg5 hxg5 17. Nde4 g4 18. d6 exd6 19. Nxd6 Be6 20. Nf5 Qxd1 21. Raxd1 b5 22. axb5 axb5 23. Bxg4 Rfd8 24. Ne4 c4 25. Ned6 Ra2 26. Ne7+ Kh7 27. Bf5+ Bxf5 28. Rxf5 Rxb2 29. Rh5+ Bh6 30. Nef5 Ne6 31. Rxh6+ Kg8 32. Rf1 Rd7 33. Rf6 Rxc2 34. Nh6+ Kg7 35. Ne8+ Kf8 36. Rxe6 b4 37. Nd6 Re7 38. Rxf7+ Rxf7 39. Nhxf7 b3 40. Re8+ Kg7 41. Rb8 b2 42. Kh2 c3 43. Ne4 Kxf7 44. Nxc3 Rxc3 45. Rxb2 Kf6 46. Rf2+ Kg5 47. Kh3 Rc6 48. g4 Rc3+ 49. g3 Re3 50. Rf5+ Kg6 51. Kh4 Re1 52. Rg5+ Kf6 53. Rf5+ Kg6 54. Rg5+ Kf7 55. Rf5+ Ke6 56. Rf8 e4 57. g5 Ke7 58. Rf4 e3 59. Re4+ Kf7 60. Kg4 Kg6 61. Re6+ Kf7 62. Re4 e2 63. Re3 Kg6 64. Kf3 Kxg5 65. Rxe2 Rxe2 66. Kxe2 Kg4 67. Kf2 Kg5 68. Kf3 Kf5 69. g4+ Kg5 70. Kg3 Kg6 71. Kf4 Kf6 72. g5+ Kg6 73. Kg4 Kg7 74. Kf5 Kf7 75. g6+ Kg7 76. Kg5 Kg8 77. Kf6 Kf8 78. g7+ Kg8 79. Kg6 1/2-1/2


[Site "https://www.chess.com"]

[Event "Titled Tuesday Blitz June 6 Late 2023"]
[White "Bluebaum, Matthias"]
[Black "Mayeregger, Arnold"]
[WhiteFideId "24651516"]
[BlackFideId "3705226"]
[WhiteElo "2639"]
[BlackElo "2038"]
[Result "1-0"]
[Round "1"]
[TimeControl "180+2"]
[Date "2023.06.07"]
[WhiteClock "0:01:50"]
[BlackClock "0:00:35"]
[Board "10"]

1. d4 d5 2. c4 c6 3. Nf3 Nf6 4. Nc3 e6 5. Qc2 Nbd7 6. e4 dxe4 7. Nxe4 Be7 8. Bd3 O-O 9. O-O b5 10. c5 Bb7 11. Bf4 Nxe4 12. Bxe4 Nf6 13. Rad1 h6 14. Rfe1 Nd5 15. Bg3 a5 16. a3 b4 17. Ne5 Bf6 18. Nc4 Ba6 19. Bd6 Re8 20. Ne5 Bxe5 21. dxe5 bxa3 22. bxa3 Bb5 23. a4 Ba6 24. Qb3 Ra7 25. Qg3 Qg5 26. Rb1 Qxg3 27. hxg3 Nc3 28. Bxc6 Rc8 29. Rb6 Nd5 30. Bxd5 exd5 31. c6 Bc4 32. Reb1 Kh7 33. Rb7 Ra6 34. c7 Rc6 35. R1b6 Rxb6 36. Rxb6 d4 37. Rb8 Be6 38. Kf1 Kg6 39. Ke2 f6 40. Kd3 fxe5 41. Bxe5 Kf5 42. Kxd4 g5 43. Bd6 Bd7 44. Kd5 h5 45. f3 g4 46. Bf4 h4 47. Kd6 h3 48. fxg4+ Kxg4 49. gxh3+ 1-0


[Site "https://www.chess.com"]

[Event "Titled Tuesday Blitz June 6 Late 2023"]
[White "Jaskolka, Tomasz"]
[Black "Paravyan, David"]
[WhiteFideId "1170791"]
[BlackFideId "4194985"]
[WhiteElo "2155"]
[BlackElo "2563"]
[Result "0-1"]
[Round "1"]
[TimeControl "180+2"]
[Date "2023.06.07"]
[WhiteClock "0:00:02"]
[BlackClock "0:01:15"]
[Board "11"]

1. d4 d5 2. Bf4 Nf6 3. Nc3 e6 4. Nb5 Bb4+ 5. c3 Ba5 6. e3 O-O 7. Nf3 c6 8. Na3 Bc7 9. Bg3 Nbd7 10. Bd3 Re8 11. Ne5 Nxe5 12. dxe5 Nd7 13. O-O Nxe5 14. Bxe5 Bxe5 15. Bxh7+ Kxh7 16. Qh5+ Kg8 17. Qxe5 f6 18. Qg3 e5 19. Nc2 Bf5 20. Rac1 Qb6 21. b4 a5 22. a3 axb4 23. axb4 Ra2 24. Ne1 Qb5 25. Nf3 Qc4 26. h4 Qg4 27. Qxg4 Bxg4 28. Ra1 Rea8 29. Rxa2 Rxa2 30. Rc1 Kf7 31. Ne1 Kg6 32. Nd3 Bf5 33. Ne1 Kh5 34. g3 Kg4 35. c4 Be4 36. cxd5 cxd5 37. Rc7 Ra1 38. Rxg7+ Kh3 39. f3 Bxf3 40. Kf2 Be4 41. h5 Ra2+ 42. Kf1 Ra8 43. Rxb7 Rh8 44. Rf7 Rxh5 45. Rxf6 Kxg3 46. Ke2 Rh2+ 47. Kd1 Rb2 48. Rb6 Kf2 49. Rf6+ Kxe3 50. Nc2+ Rxc2 51. b5 Rb2 52. b6 Rb1# 0-1


[Site "https://www.chess.com"]

[Event "Titled Tuesday Blitz June 6 Late 2023"]
[White "Lazavik, Denis"]
[Black "Fieberg, Samuel"]
[WhiteFideId "13515110"]
[BlackFideId "12901717"]
[WhiteElo "2560"]
[BlackElo "2506"]
[Result "1-0"]
[Round "1"]
[TimeControl "180+2"]
[Date "2023.06.07"]
[WhiteClock "0:00:11"]
[BlackClock "0:00:13"]
[Board "12"]

1. d4 d5 2. c4 e6 3. Nf3 c5 4. cxd5 exd5 5. g3 Nf6 6. Bg2 Nc6 7. O-O Be7 8. dxc5 Bxc5 9. Nc3 O-O 10. a3 a5 11. Bf4 h6 12. Rc1 Bb6 13. Na4 Be6 14. Qb3 Ra6 15. Qc2 Ba7 16. Nc5 Bxc5 17. Qxc5 Qb6 18. Qc2 Raa8 19. Rfd1 Ne4 20. Be3 Qb5 21. Nd4 Nxd4 22. Bxd4 Bf5 23. Qd3 Qd7 24. Qe3 Rfe8 25. Qf4 Rac8 26. Rxc8 Rxc8 27. Rc1 Rxc1+ 28. Qxc1 a4 29. f3 Nd6 30. Kf2 Nc4 31. Qc3 f6 32. g4 Be6 33. e3 Qb5 34. Bf1 Qc6 35. Bd3 Qc7 36. Kg2 b5 37. Bc2 Kf8 38. Qb4+ Kg8 39. Qc3 Kf8 40. h4 Qc8 41. Bd1 Ne5 42. Qxc8+ Bxc8 43. Be2 Bd7 44. h5 Kf7 45. Kg3 Nc4 46. Kf2 Ke6 47. Bd3 Kd6 48. Ke2 Be6 49. Kd1 Bd7 50. Kc2 Kc6 51. Kc3 Be6 52. Kb4 Bd7 53. Bg6 Kd6 54. Bc5+ Kc6 55. Bf8 Nxe3 56. Bxg7 f5 57. Bxh6 Nc2+ 58. Kc3 Ne1 59. Bxf5 Bxf5 60. gxf5 Nxf3 61. f6 Ne5 62. Bg7 Nf7 63. h6 Kd7 64. h7 Ke6 65. h8=Q Nxh8 66. Bxh8 Kf7 67. Kd4 Kg8 68. Bg7 Kf7 69. Kxd5 b4 70. axb4 a3 71. bxa3 Ke8 72. b5 Kf7 73. b6 1-0


[Site "https://www.chess.com"]

[Event "Titled Tuesday Blitz June 6 Late 2023"]
[White "Boskovic, Drasko"]
[Black "Andreikin, Dmitry"]
[WhiteFideId "927368"]
[BlackFideId "4158814"]
[WhiteElo "2384"]
[BlackElo "2736"]
[Result "0-1"]
[Round "1"]
[TimeControl "180+2"]
[Date "2023.06.07"]
[WhiteClock "0:00:38"]
[BlackClock "0:00:42"]
[Board "13"]

1. e4 c6 2. Nf3 d5 3. exd5 cxd5 4. Ne5 Nd7 5. d4 Ngf6 6. Bd3 g6 7. O-O Bg7 8. Re1 O-O 9. c3 Nxe5 10. dxe5 Nd7 11. Bf4 Nc5 12. Bc2 Qb6 13. Qc1 Rd8 14. Nd2 Ne6 15. Bg3 d4 16. cxd4 Nxd4 17. Be4 Bh6 18. Nc4 Bxc1 19. Nxb6 axb6 20. Raxc1 Rxa2 21. Kf1 Bd7 22. Red1 Bb5+ 23. Ke1 Rxb2 24. Bd3 Ra8 25. Bxb5 Nxb5 26. e6 fxe6 27. Rd7 Kf7 28. Rxb7 Nd4 29. Bd6 Nf5 30. Be5 Rb5 31. Bf4 Ra2 32. g4 Nd4 33. Be3 Nf3+ 34. Kf1 Nxh2+ 35. Kg2 Nxg4 36. Bxb6 Rxf2+ 37. Kg3 Rfb2 38. Rf1+ Nf6 39. Rxf6+ Kxf6 40. Bd4+ e5 0-1


[Site "https://www.chess.com"]

[Event "Titled Tuesday Blitz June 6 Late 2023"]
[White "Hakobyan, Aram"]
[Black "Filgueira, Hernan"]
[WhiteFideId "13306677"]
[BlackFideId "101770"]
[WhiteElo "2584"]
[BlackElo "2363"]
[Result "1-0"]
[Round "1"]
[TimeControl "180+2"]
[Date "2023.06.07"]
[WhiteClock "0:01:04"]
[BlackClock "0:00:12"]
[Board "14"]

1. d4 d6 2. Nf3 Bg4 3. e4 Nf6 4. h3 Bh5 5. Nc3 c6 6. Qe2 e6 7. g4 Bg6 8. g5 Nfd7 9. Nh4 Be7 10. f4 Qa5 11. Bd2 Qd8 12. Rg1 h6 13. Nxg6 fxg6 14. O-O-O hxg5 15. fxg5 Na6 16. Qg4 Nf8 17. Bxa6 bxa6 18. d5 cxd5 19. exd5 e5 20. Ne4 Qd7 21. Qe2 Qb5 22. Qg4 a5 23. Bc3 a4 24. a3 Qd7 25. Qe2 Rxh3 26. Rgf1 Rh4 27. Bxe5 O-O-O 28. Bxg7 Bxg5+ 29. Nxg5 Qxg7 30. Ne6 Qh6+ 31. Kb1 Re8 32. Qa6+ Kb8 33. Qxd6+ Kb7 34. Qc6+ Kb8 35. Qxe8+ 1-0


[Site "https://www.chess.com"]

[Event "Titled Tuesday Blitz June 6 Late 2023"]
[White "Goncalves, Davi Sulzbacher"]
[Black "Kramnik, Vladimir"]
[WhiteFideId "2154510"]
[BlackFideId "4101588"]
[WhiteElo "2182"]
[BlackElo "2703"]
[Result "0-1"]
[Round "1"]
[TimeControl "180+2"]
[Date "2023.06.07"]
[WhiteClock "0:00:08"]
[BlackClock "0:00:07"]
[Board "15"]

1. d4 Nf6 2. c4 e6 3. g3 d5 4. Nf3 Bb4+ 5. Bd2 Bd6 6. Bg2 O-O 7. O-O c6 8. Qc2 Nbd7 9. Rd1 Ne4 10. Be1 f5 11. Nc3 Qe7 12. Rac1 b6 13. cxd5 cxd5 14. Nb5 Ba6 15. Nxd6 Qxd6 16. Qa4 Bxe2 17. Bb4 Ndc5 18. dxc5 bxc5 19. Re1 Bxf3 20. Bxf3 cxb4 21. Rc6 Qd7 22. Qa6 Rae8 23. Rec1 Qf7 24. Rc7 Qf6 25. Qxa7 Kh8 26. Bxe4 fxe4 27. Rd7 Qxb2 28. Rcc7 Ra8 29. Rf7 Rg8 30. Qb7 Raf8 31. h4 e3 32. fxe3 Qe5 33. Kf2 Qb2+ 34. Kf3 Rxf7+ 35. Rxf7 Qb1 36. h5 Qe4+ 37. Kf2 h6 38. Qe7 Qc2+ 39. Kf3 Qe4+ 40. Kf2 Rc8 41. Rf8+ Rxf8+ 42. Qxf8+ Kh7 43. Qf4 Qxf4+ 44. gxf4 Kg8 45. Ke2 g6 46. hxg6 Kg7 47. Kd3 h5 48. e4 dxe4+ 49. Kxe4 Kxg6 50. Ke5 Kf7 51. f5 exf5 52. Kxf5 Ke7 53. Kg5 Kd6 54. Kxh5 Kd5 55. Kg4 Ke4 56. Kg3 Kd3 57. Kf2 Kc2 0-1


[Site "https://www.chess.com"]

[Event "Titled Tuesday Blitz June 6 Late 2023"]
[White "Deac, Bogdan-Daniel"]
[Black "Pinheiro, Iung Alicio de O."]
[WhiteFideId "1226380"]
[BlackFideId "2104350"]
[WhiteElo "2644"]
[BlackElo "2283"]
[Result "1-0"]
[Round "1"]
[TimeControl "180+2"]
[Date "2023.06.07"]
[WhiteClock "0:01:48"]
[BlackClock "0:00:13"]
[Board "16"]

1. b3 d5 2. Bb2 Bg4 3. Nf3 Bxf3 4. exf3 e6 5. g3 Nf6 6. Bg2 g6 7. O-O Bg7 8. f4 O-O 9. c4 c6 10. d4 Nbd7 11. Nd2 a5 12. a3 Qb6 13. Rb1 Qa7 14. Re1 b5 15. c5 b4 16. a4 Ne8 17. Nf3 Nc7 18. h4 Rae8 19. h5 Qb7 20. Qc2 Nf6 21. hxg6 hxg6 22. Ne5 Re7 23. Re2 Nd7 24. Rbe1 Nxe5 25. fxe5 Qc8 26. Bc1 f5 27. exf6 Bxf6 28. Qxg6+ Rg7 29. Qd3 Bg5 30. Bxg5 Rxg5 31. Bh3 Rf6 32. Re5 Rgg6 33. Qe3 Qf8 34. Rg5 Qg7 35. Rxg6 Qxg6 36. Qe5 Qg7 37. Qd6 Rh6 38. Bxe6+ 1-0


[Site "https://www.chess.com"]

[Event "Titled Tuesday Blitz June 6 Late 2023"]
[White "Mei, Austin"]
[Black "Bortnyk, Mykola"]
[WhiteFideId "30948479"]
[BlackFideId "14120836"]
[WhiteElo "2125"]
[BlackElo "2592"]
[Result "0-1"]
[Round "1"]
[TimeControl "180+2"]
[Date "2023.06.07"]
[WhiteClock "0:00:51"]
[BlackClock "0:01:47"]
[Board "17"]

1. e4 Nf6 2. e5 Nd5 3. d4 d6 4. c4 Nb6 5. f4 dxe5 6. fxe5 Nc6 7. Be3 Bf5 8. Nc3 e6 9. Nf3 Qd7 10. Be2 O-O-O 11. Qd2 f6 12. exf6 gxf6 13. Rd1 Rg8 14. Nh4 Bg4 15. O-O Qg7 16. Ne4 Bxe2 17. Qxe2 Qg4 18. Qxg4 Rxg4 19. Rf4 Rxf4 20. Bxf4 Nxd4 21. Kf2 Nxc4 22. Nxf6 Be7 23. b3 Bxf6 0-1


[Site "https://www.chess.com"]

[Event "Titled Tuesday Blitz June 6 Late 2023"]
[White "Narayanan.S.L"]
[Black "Haszon, David"]
[WhiteFideId "5058422"]
[BlackFideId "733610"]
[WhiteElo "2563"]
[BlackElo "2210"]
[Result "1-0"]
[Round "1"]
[TimeControl "180+2"]
[Date "2023.06.07"]
[WhiteClock "0:02:30"]
[BlackClock "0:00:29"]
[Board "18"]

1. c4 Nf6 2. Nc3 e6 3. Nf3 d5 4. g3 Be7 5. Bg2 O-O 6. b3 c6 7. O-O Nbd7 8. Bb2 Re8 9. cxd5 exd5 10. d3 Nf8 11. e4 dxe4 12. dxe4 Ng6 13. e5 Nd5 14. Nxd5 cxd5 15. Re1 Be6 16. Nd4 Qa5 17. a3 Rac8 18. b4 Qa6 19. h4 h6 20. h5 Nf8 21. f4 f5 22. g4 fxg4 23. f5 Bf7 24. Qxg4 Kh8 25. f6 gxf6 26. Nf5 Ne6 27. Nxh6 Ng5 28. exf6 Qb6+ 29. Kh1 Bf8 30. Qxg5 1-0


[Site "https://www.chess.com"]

[Event "Titled Tuesday Blitz June 6 Late 2023"]
[White "Kuzmin, Roman"]
[Black "Matlakov, Maxim"]
[WhiteFideId "44134932"]
[BlackFideId "4168003"]
[WhiteElo "2122"]
[BlackElo "2666"]
[Result "0-1"]
[Round "1"]
[TimeControl "180+2"]
[Date "2023.06.07"]
[WhiteClock "0:00:14"]
[BlackClock "0:01:34"]
[Board "19"]

1. e4 c5 2. Nf3 d6 3. d4 cxd4 4. Nxd4 Nf6 5. Nc3 a6 6. Be2 e5 7. Nb3 Be7 8. Be3 Be6 9. O-O Nbd7 10. a4 O-O 11. a5 Rc8 12. Bf3 Qc7 13. Qd2 h6 14. Rfd1 Rfe8 15. Nc1 Nf8 16. Nd3 Ng6 17. Nb4 Qc4 18. Ncd5 Bxd5 19. exd5 Nh4 20. Be2 Qe4 21. f3 Qg6 22. g3 e4 23. f4 Ng4 24. Kh1 Nf3 25. Bxf3 exf3 26. Rf1 Bf6 27. Rae1 Bxb2 28. Bd4 Re2 29. Rxe2 fxe2 30. Re1 Qe4+ 0-1


[Site "https://www.chess.com"]

[Event "Titled Tuesday Blitz June 6 Late 2023"]
[White "Svane, Rasmus"]
[Black "Aggelis, Nikolaos"]
[WhiteFideId "4657101"]
[BlackFideId "4213220"]
[WhiteElo "2601"]
[BlackElo "2189"]
[Result "1-0"]
[Round "1"]
[TimeControl "180+2"]
[Date "2023.06.07"]
[WhiteClock "0:02:09"]
[BlackClock "0:01:42"]
[Board "20"]

1. Nf3 f5 2. d3 Nf6 3. e4 fxe4 4. dxe4 d6 5. e5 dxe5 6. Qxd8+ Kxd8 7. Nxe5 Ke8 8. Bc4 e6 9. O-O Nbd7 10. Nf3 Nb6 11. Bb3 a5 12. a4 Bb4 13. c3 Bd6 14. Be3 e5 15. Bxb6 cxb6 16. Nbd2 Bg4 17. Nc4 Kd8 18. Nxd6 1-0


[Site "https://www.chess.com"]

[Event "Titled Tuesday Blitz June 6 Late 2023"]
[White "Makarian, Rudik"]
[Black "Krishnakumar, Sriram"]
[WhiteFideId "44105681"]
[BlackFideId "30915856"]
[WhiteElo "2451"]
[BlackElo "2497"]
[Result "1-0"]
[Round "1"]
[TimeControl "180+2"]
[Date "2023.06.07"]
[WhiteClock "0:01:18"]
[BlackClock "0:00:34"]
[Board "22"]

1. d4 d5 2. c4 c6 3. Nf3 Nf6 4. Nc3 e6 5. Bg5 Nbd7 6. e3 Qa5 7. Nd2 Bb4 8. Rc1 Ne4 9. Ncxe4 dxe4 10. Bh4 Qxa2 11. Be2 Qxb2 12. Rc2 Qa3 13. O-O O-O 14. Nxe4 f5 15. Nd2 Nf6 16. Bxf6 Rxf6 17. c5 Bxd2 18. Qxd2 Bd7 19. Ra2 Qb3 20. Rb2 Qa4 21. Rxb7 Be8 22. Qc3 Rf7 23. Rxf7 Kxf7 24. Ra1 Qxa1+ 25. Qxa1 a5 26. Qa4 Bd7 27. f4 Ke7 28. Bf3 Rb8 29. Qxa5 Rb1+ 30. Kf2 Rb2+ 31. Kg3 Rb5 32. Qa7 Ke8 33. Qa8+ Kf7 34. Bxc6 Bxc6 35. Qxc6 Rb2 36. Qd7+ Kf6 37. d5 exd5 38. Qd6+ Kf7 39. Qxd5+ Kf8 40. Qxf5+ Kg8 41. Qe5 1-0


[Site "https://www.chess.com"]

[Event "Titled Tuesday Blitz June 6 Late 2023"]
[White "Koc, Przemyslaw"]
[Black "Sjugirov, Sanan"]
[WhiteFideId "1109081"]
[BlackFideId "4189302"]
[WhiteElo "2161"]
[BlackElo "2569"]
[Result "0-1"]
[Round "1"]
[TimeControl "180+2"]
[Date "2023.06.07"]
[WhiteClock "0:00:01"]
[BlackClock "0:00:04"]
[Board "23"]

1. d4 Nf6 2. Bg5 g6 3. Bxf6 exf6 4. c4 Bb4+ 5. Nc3 Bxc3+ 6. bxc3 f5 7. e3 d6 8. g3 Nd7 9. Bg2 O-O 10. Ne2 Rb8 11. h4 h5 12. Rb1 b6 13. Nf4 Nf6 14. O-O Bb7 15. Nd5 Bxd5 16. cxd5 Re8 17. c4 Ne4 18. Qc2 g5 19. hxg5 Qxg5 20. Bxe4 Rxe4 21. Kg2 h4 22. Rh1 hxg3 23. f4 Qg4 24. Rbe1 Rbe8 25. Qd3 Kf8 26. Rh3 Rxf4 27. Rxg3 Qh4 28. Rh1 Rf2+ 29. Kxf2 Qxh1 30. Qxf5 Qh2+ 31. Kf3 Rxe3+ 32. Kxe3 Qxg3+ 33. Kd2 Qg2+ 34. Kc3 Kg7 35. Qd7 Qg3+ 36. Kc2 Qf2+ 37. Kd3 Qf3+ 38. Kd2 Qf2+ 39. Kd3 Qf1+ 40. Kc3 Qc1+ 41. Kd3 Qd1+ 42. Kc3 Qa1+ 43. Kd3 Qf1+ 44. Kc3 Qf3+ 45. Kc2 Qe2+ 46. Kc3 Qe3+ 47. Kc2 Qxd4 48. Qxc7 Qc5 49. Qc6 Kf6 50. Kd3 Qxc6 51. dxc6 Ke7 52. Ke4 Kd8 53. Kd5 Kc7 54. a4 f5 55. Kd4 Kxc6 0-1


[Site "https://www.chess.com"]